 Dungeon Crawl Stone Soup version 0.25.1-2-g60ff931df9 (webtiles) character file.

Game seed: 8405906922724990370

567 Tosny the Chopper (level 7, 14/62 HPs)
             Began as a Minotaur Berserker on Sept 8, 2020.
             Was a Believer of Trog.
             Starved to death
             ... on level 8 of the Dungeon on Sept 14, 2020.
             The game lasted 00:21:27 (994 turns).

Tosny the Chopper (Minotaur Berserker)               Turns: 994, Time: 00:21:28

Health: 14/62      AC:  3    Str: 24    XL:     7   Next: 11%
Magic:  6/6        EV: 13    Int:  4    God:    Trog [**....]
Gold:   127        SH:  0    Dex:  9    Spells: 6/6 levels left

rFire    . . .     SeeInvis .   a - +0 hand axe
rCold    . . .     Gourm    .   (no shield)
rNeg     . . .     Faith    +   b - +1 animal skin
rPois    .         Spirit   .   (helmet restricted)
rElec    .         Reflect  .   (no cloak)
rCorr    +         Harm     .   (no gloves)
MR       .....                  (no boots)
Stlth    +.........             d - amulet of faith
HPRegen  0.20/turn              e - ring of resist corrosion
MPRegen  0.10/turn              (no ring)

@: fainting
A: retaliatory headbutt, horns 2
a: Berserk, Trog's Hand, Renounce Religion


You were on level 8 of the Dungeon.
You worshipped Trog.
Trog was pleased with you.
You were fainting.

You visited 1 branch of the dungeon, and saw 8 of its levels.

You collected 127 gold pieces.

Inventory:

Hand Weapons
 a - a +0 hand axe (weapon)
Armour
 b - a +1 animal skin (worn)
 j - a +1 helmet
Jewellery
 d - an amulet of faith (around neck)
 e - a ring of resist corrosion (left hand)
Scrolls
 c - a scroll of magic mapping {unknown}
 f - 2 scrolls of teleportation
Potions
 i - a potion of flight


   Skills:
 + Level 5.6 Fighting
 + Level 7.7 Axes
 + Level 2.7 Armour
 + Level 3.9 Dodging
 + Level 0.7 Stealth


You had 6 spell levels left.
You didn't know any spells.
Your spell library was empty.

Dungeon Overview and Level Annotations

Branches:
Dungeon (8/15)
 Temple: D:4-7         Lair: D:8-11

Altars:
Dithmenos
Makhleb
Vehumet


Innate Abilities, Weirdness & Mutations

You reflexively headbutt those who attack you in melee.
You have a pair of horns on your head.


Message History

* * * LOW HITPOINT WARNING * * *
You barely miss the centaur. You headbutt the centaur.
The centaur is lightly wounded.
The centaur hits you but does no damage.
The centaur hits you.
* * * LOW HITPOINT WARNING * * *
You slash the centaur!
You headbutt the centaur, but do no damage.
The centaur is heavily wounded.
The centaur closely misses you. You furiously retaliate!
You headbutt the centaur!
You kill the centaur!
Trog accepts your kill.
You have reached level 7!
Items here: ( ) †† a +0 shortbow; 10 arrows; a jackal corpse; a necrophage corpse
Found a scroll labeled KOASTI BULE.
c - a scroll labeled KOASTI BULE You have starved to death.
You die...

#.......#.# #..####.#.#
######..# ###.#
........######.#########
...............##.......
#.#...#.######.##.......
......#.######..#.......
#.#...#.#.......#.......
#.#...#@#.#####.........
#.....#.#.######........
.......<......()........
....#####.######........
( ...# ##.###### #####
#..# ##.# .. #.#


There were no monsters in sight!

Vanquished Creatures
  A hungry ghost (D:6)
  A necrophage (D:8)
  A centaur (D:8)
  A scorpion (D:6)
  An orc priest (D:6)
  A bullfrog skeleton (D:4)
  An orc wizard (D:6)
  A worker ant (D:4)
  A hound zombie (D:5)
  A howler monkey skeleton (D:8)
  4 adders
  An adder skeleton (D:5)
  An adder zombie (D:3)
  A worm (D:2)
  A dart slug (D:2)
  7 orcs
  3 bats (D:2)
  A giant cockroach (D:2)
  3 goblins
  A hobgoblin (D:1)
  6 jackals
  2 kobolds (D:2)
  A quokka (D:5)
  A rat (D:2)
43 creatures vanquished.

Vanquished Creatures (others)
  An ogre (D:6)
1 creature vanquished.

Grand Total: 44 creatures vanquished

Notes
Turn   | Place    | Note
-------+----------+-------------------------------------------
     0 | D:1      | Tosny the Minotaur Berserker began the quest for the Orb.
     0 | D:1      | Reached XP level 1. HP: 19/19 MP: 0/0
   173 | D:2      | Found a faded altar of an unknown god.
   215 | D:2      | Reached XP level 2. HP: 27/27 MP: 1/1
   279 | D:2      | Reached skill level 4 in Axes
   430 | D:3      | Reached XP level 3. HP: 33/33 MP: 2/2
   610 | D:4      | Reached ** piety under Trog
   610 | D:4      | Reached skill level 5 in Axes
   610 | D:4      | Reached XP level 4. HP: 39/41 MP: 3/3
   648 | D:5      | Entered Level 5 of the Dungeon
   750 | D:6      | Found a burning altar of Makhleb.
   753 | D:6      | Reached XP level 5. HP: 47/47 MP: 4/4
   760 | D:6      | Reached skill level 6 in Axes
   781 | D:6      | Noticed a hungry ghost
   808 | D:6      | Killed a hungry ghost
   808 | D:6      | Reached skill level 5 in Fighting
   808 | D:6      | Reached XP level 6. HP: 37/56 MP: 5/5
   809 | D:6      | Found a shadowy altar of Dithmenos.
   813 | D:6      | Found a radiant altar of Vehumet.
   885 | D:6      | Reached skill level 7 in Axes
   959 | D:8      | Reached XP level 7. HP: 7/62 MP: 6/6
   994 | D:8      | Starved to death

Illustrated notes

Levels and vault maps discovered:
D:1:      dpeg_arrival_boxes_within_box, layout_basic
D:2:      layout_rooms, chequers_ecumenical_altar_simple, first_ration,
          uniq_sigmund
D:3:      layout_loops_corners, kennysheep_path_1, uniq_crazy_yiuf_cottage,
          uniq_grinder, uniq_natasha, uniq_terence
D:4:      layout_basic, lemuel_temple_firewalk_b
D:5:      layout_loops_ring, uniq_pikel
D:6:      layout_loops_ring, fiery_altar_vehumet, bloody_makhleb,
          grunt_temple_overflow_cloverleaf, grunt_dithmenos_smoke, serial_shops,
          nicolae_shop_trees
D:7:      layout_loops_ring, lemuel_doored_altar
D:8:      layout_basic, nemelex_xobeh_ov_fountains_minmay,
          hangedman_pestilent_swarm, chequers_decorated_corner, uniq_joseph

Skill      XL: |  1  2  3  4  5  6 |
---------------+-------------------+-----
Axes           | 4 5 6 7 |  7.7
Fighting       | 4 5 |  5.6
Dodging        | 3 |  3.9
Armour         | |  2.7
Stealth        | |  0.7

Action                   |  1- 3 |  4- 6 |  7- 9 || total
-------------------------+-------+-------+-------++-------
Melee: Hand axe          |    43 |    74 |       ||   117
       Headbutt          |     7 |    13 |       ||    20
Invok: Berserk           |       |     2 |       ||     2
  Use: Scroll            |     2 |     4 |       ||     6
       Potion            |     2 |       |       ||     2
  Eat: Ration            |     1 |     2 |       ||     3
Armor: Animal skin       |    14 |    10 |       ||    24
Dodge: Dodged            |    35 |    42 |       ||    77
